 Dungeon Crawl Stone Soup version 0.18.1-1-g2f07953 (webtiles) character file.

157 MTVSty1e the Shield-Bearer (level 5, -1/46 HPs)
             Began as a Minotaur Fighter on May 6, 2016.
             Slain by an orc wizard
             ... wielding a +0 dagger
              (2 damage)
             ... on level 3 of the Dungeon on May 7, 2016.
             The game lasted 00:07:08 (1990 turns).

MTVSty1e the Shield-Bearer (Minotaur Fighter)       Turns: 1990, Time: 00:07:08

Health: -1/46      AC:  7    Str: 21 (22) XL:     5   Next: 15%
Magic:  4/4        EV:  8    Int:  3 (5)  God:
Gold:   81         SH:  9    Dex:  8 (9)  Spells: 0 memorised, 4 levels left

rFire  . . .     SeeInvis .     a - +0 war axe
rCold  . . .     Gourm    .     b - +0 scale mail
rNeg   . . .     Faith    .     c - +0 shield
rPois  .         Spirit   .     (helmet restricted)
rElec  .         Dismiss  .     (no cloak)
rCorr  .         Reflect  .     (no gloves)
SustAt .         Harm     .     (no boots)
MR     .....                    (no amulet)
Stlth  ..........               (no ring)
                                (no ring)

@: very slightly contaminated, slowed, invisible, very slow, not resistant to
hostile enchantments, extremely unstealthy
A: retaliatory headbutt, horns 2
a: no special abilities


You were on level 3 of the Dungeon.
You were not hungry.

You visited 1 branch of the dungeon, and saw 3 of its levels.

You collected 81 gold pieces.

Inventory:

Hand Weapons
 a - a +0 war axe (weapon)
Armour
 b - a +0 scale mail (worn)
 c - a +0 shield (worn)
Scrolls
 h - a scroll of identify
 j - 3 scrolls of teleportation
 l - a scroll of magic mapping {unknown}
 n - a scroll of remove curse
Potions
 e - a potion of ambrosia
 g - 3 potions of curing
 m - a potion of magic {unknown}
Comestibles
 f - a bread ration
 i - a meat ration
 o - a slice of pizza
 p - a royal jelly
 q - a beef jerky


   Skills:
 + Level 4.1 Fighting
 * Level 3.9 Axes
 + Level 4.3 Armour
 * Level 2.5 Dodging
 + Level 4.4 Shields


You had 4 spell levels left.
You didn't know any spells.

Dungeon Overview and Level Annotations

Branches:
Dungeon (3/15)

Altars:
Kikubaaqudgha
Nemelex Xobeh
Qazlal
Zin


Innate Abilities, Weirdness & Mutations

You reflexively headbutt those who attack you in melee.
You have a pair of horns on your head.


Message History

Drink which item? (? for menu, Esc to quit)
It was a potion of invisibility.
You fade into invisibility!
The orc wizard barely misses you. You furiously retaliate!
You headbutt the orc wizard! Something hits you but does no damage.
The orc wizard hits you but does no damage.
You block something's attack.
You are very lightly contaminated with residual magic.
You catch the helpless orc wizard completely off-guard!
You hit the orc wizard. Your headbutt misses the orc wizard.
The orc wizard is almost dead.
You closely miss something.
The orc wizard hits you but does no damage.
You block the orc wizard's attack.
You hear some strange, mumbled words.
A puff of frost appears from out of thin air!
The puff of frost hits you!
* * * LOW HITPOINT WARNING * * *
The orc wizard closely misses you. Something hits you.
You die...

.# .####### #.# .......
........ ... ....._.
(####### ##.#........
(.#...###.# ###..#....8...
........... ..... .......
..#...###.# #..# ._.....
#.#...### #..##.......
#.#...#.. #####.@o.[......
..#####.###.....{#####...#
#######.....(....# #
.........##.###.##
.......#.##.# ###
.........##..
)......####### ##.###.####
#.#......#


You could see an orc wizard.

Vanquished Creatures
  2 orc wizards (D:3)
  3 gnolls (D:3)
  An adder (D:2)
  2 worms (D:2)
  A dart slug (D:2)
  A giant gecko (D:2)
  5 orcs (D:3)
  14 bats
  3 giant cockroaches
  5 goblins
  3 hobgoblins
  3 jackals (D:3)
  4 giant newts
  3 kobolds
  3 rats
53 creatures vanquished.

Notes
Turn   | Place    | Note
--------------------------------------------------------------
     0 | D:1      | MTVSty1e the Minotaur Fighter began the quest for the Orb.
     0 | D:1      | Reached XP level 1. HP: 19/19 MP: 0/0
   255 | D:1      | Reached XP level 2. HP: 22/27 MP: 1/1
   745 | D:2      | Reached XP level 3. HP: 32/33 MP: 2/2
   851 | D:2      | Reached skill level 1 in Dodging
  1441 | D:2      | Found a glowing silver altar of Zin.
  1441 | D:2      | Found a sparkling altar of Nemelex Xobeh.
  1611 | D:3      | Reached XP level 4. HP: 27/40 MP: 3/3
  1640 | D:3      | Reached XP level 5. HP: 20/46 MP: 4/4
  1961 | D:3      | Found a stormy altar of Qazlal.
  1961 | D:3      | Found an ancient bone altar of Kikubaaqudgha.
  1990 | D:3      | HP: 1/46 [something/puff of frost (10)]
  1990 | D:3      | Slain by an orc wizard

Skill      XL: |  1  2  3  4 |
---------------+-------------+-----
Axes           | 3 |  3.9
Armour         | 4 |  4.3
Dodging        | 1 2 |  2.5
Shields        | 4 |  4.4
Fighting       | 4 |  4.1

Action                   |  1- 3 |  4- 6 || total
-------------------------+-------+-------++-------
Melee: War axe           |   108 |    44 ||   152
       Headbutt          |     9 |     1 ||    10
  Use: Scroll            |     4 |       ||     4
       Potion            |       |     5 ||     5
 Stab: Invisible         |       |     1 ||     1
  Eat: Bread ration      |     1 |       ||     1
Armor: Scale mail        |    61 |    32 ||    93
Dodge: Dodged            |    37 |    20 ||    57
Block: Shield            |    78 |    28 ||   106
